[Event "ICC tourney 2532 (25 5)"]
[Site "Internet Chess Club"]
[Date "2021.04.24"]
[Round "1"]
[White "PENG, BRANDON:K12-15283836"]
[Black "CAMPBELL EDELSTEIN, CONNOR:K12-15254082"]
[Result "1-0"]
[ICCResult "Black checkmated"]
[WhiteElo "1769"]
[BlackElo "547"]
[Opening "QGD Slav: 4.Nc3"]
[ECO "D15"]
[NIC "SL.03"]
[Time "11:01:47"]
[PlyCount "95"]
[TimeControl "1500+5"]

1. d4 c6 2. c4 d5 3. Nc3 Nf6 4. Nf3 Bf5 5. Bg5 e6 6. e3 Be7 7. Be2 O-O 8.
O-O c5 9. dxc5 Bxc5 10. cxd5 exd5 11. Bxf6 Qxf6 12. Qxd5 b6 13. Qxa8 Nc6
14. Qb7 Bc8 15. Qc7 Bd6 16. Ne4 Qe6 17. Nxd6 Bd7 18. Bb5 Ne5 19. Nxe5 Bxb5
20. Nxb5 Rc8 21. Qd7 Qxd7 22. Nxd7 h6 23. h3 a6 24. Nd4 Rd8 25. Nxb6 Rd6
26. Nc4 Rd5 27. Rfd1 g6 28. Rac1 Kg7 29. a4 h5 30. b4 Kf6 31. b5 axb5 32.
axb5 Rd8 33. b6 Rb8 34. Nc6 Rb7 35. Nd8 Rb8 36. b7 Ke7 37. Na5 Ke8 38. Rc8
Rxb7 39. Ndxb7+ Ke7 40. Nc6+ Kf6 41. Rd5 Ke6 42. Rd6+ Kf5 43. g4+ hxg4 44.
hxg4+ Kxg4 45. Rd5 f5 46. Ne5+ Kg5 47. f4+ Kh5 48. Rh8# { Black checkmated
} 1-0

[Event "ICC tourney 2532 (25 5)"]
[Site "Internet Chess Club"]
[Date "2021.04.24"]
[Round "1"]
[White "BYUNGHYUN KIM, BRIAN:K12-17019768"]
[Black "D BLOCK, JONAH:K12-15976216"]
[Result "1-0"]
[ICCResult "Black checkmated"]
[WhiteElo "1691"]
[BlackElo "436"]
[Opening "Giuoco Pianissimo"]
[ECO "C55"]
[NIC "IG.01"]
[Time "11:02:07"]
[PlyCount "97"]
[TimeControl "1500+5"]

1. e4 e5 2. Nf3 Nc6 3. Bc4 Nf6 4. d3 Bc5 5. Be3 Bxe3 6. fxe3 d5 7. exd5
Nxd5 8. Qe2 O-O 9. O-O Bg4 10. a3 Bxf3 11. Qxf3 Nf6 12. Nc3 a6 13. Nd5 b5
14. Nxf6+ gxf6 15. Bd5 Qd6 16. Bxc6 Rad8 17. Qxf6 Qxf6 18. Rxf6 Kg7 19.
Raf1 Rd6 20. Rxd6 cxd6 21. Rf2 Rb8 22. Bd5 f6 23. Kf1 b4 24. a4 b3 25. Bxb3
d5 26. Ke2 d4 27. e4 Rf8 28. Bc4 Rb8 29. b3 a5 30. Be6 Re8 31. Bf5 Re7 32.
Rf3 Rc7 33. Kd2 Kh6 34. Rh3+ Kg5 35. Rxh7 Rxh7 36. Bxh7 Kh6 37. Bf5 Kg5 38.
g3 Kh5 39. b4 axb4 40. a5 Kh6 41. a6 Kg7 42. a7 Kf7 43. a8=Q Ke7 44. Qb7+
Kd6 45. Qb6+ Ke7 46. Qc7+ Kf8 47. Bg6 Kg8 48. Qf7+ Kh8 49. Qh7# { Black
checkmated } 1-0

[Event "ICC tourney 2532 (25 5)"]
[Site "Internet Chess Club"]
[Date "2021.04.24"]
[Round "1"]
[White "CHARLES ENGERISER, WILSON:K12-14899274"]
[Black "TAHMASSEBI, BIJAN:K12-14989940"]
[Result "0-1"]
[ICCResult "White checkmated"]
[WhiteElo "1089"]
[BlackElo "2174"]
[Opening "Two knights defense (Modern bishop's opening)"]
[ECO "C55"]
[NIC "IG.01"]
[Time "11:01:44"]
[PlyCount "106"]
[TimeControl "1500+5"]

1. e4 e5 2. Nf3 Nc6 3. Bc4 Nf6 4. d3 Be7 5. h3 O-O 6. O-O d5 7. exd5 Nxd5
8. Bxd5 Qxd5 9. Nc3 Qd8 10. Qe2 Bd6 11. Bg5 f6 12. Be3 Be6 13. Rfd1 Qe8 14.
d4 exd4 15. Bxd4 Nxd4 16. Nxd4 Bd7 17. Qxe8 Raxe8 18. Ndb5 Bxb5 19. Nxb5
Be5 20. Rab1 a6 21. Na3 b5 22. c3 Bd6 23. Nc2 Bc5 24. b4 Bb6 25. Nd4 Re5
26. Kh1 Rfe8 27. f3 c5 28. Nb3 c4 29. Nd2 f5 30. g4 fxg4 31. hxg4 h5 32.
Ne4 hxg4 33. Rg1 Bxg1 34. Rxg1 Rh5+ 35. Kg2 gxf3+ 36. Kxf3 Rf5+ 37. Ke3
Rfe5 38. Rg4 Kf7 39. Kd4 Rxe4+ 40. Rxe4 Rxe4+ 41. Kxe4 Kf6 42. Kd5 g5 43.
Kc6 g4 44. Kb6 g3 45. Kxa6 g2 46. Kxb5 g1=Q 47. a4 Ke6 48. a5 Kd6 49. a6
Qa7 50. Ka5 Kc6 51. b5+ Kc5 52. Ka4 Qb6 53. a7 Qxa7# { White checkmated }
0-1

[Event "ICC tourney 2532 (25 5)"]
[Site "Internet Chess Club"]
[Date "2021.04.24"]
[Round "1"]
[White "EDWARD MCDONNELL, PATRICK:K12-17294137"]
[Black "IYER, AKSHAT:K12-15718767"]
[Result "1-0"]
[ICCResult "Black checkmated"]
[WhiteElo "218"]
[BlackElo "1621"]
[Opening "Caro-Kann: exchange variation"]
[ECO "B13"]
[NIC "CK.02"]
[Time "11:02:23"]
[PlyCount "71"]
[TimeControl "1500+5"]

1. e4 c6 2. d4 d5 3. exd5 cxd5 4. Nc3 Nf6 5. Nf3 Bg4 6. Be2 e6 7. O-O Nc6
8. Bf4 Be7 9. Ne5 Bxe2 10. Qxe2 Nxd4 11. Qd3 Qb6 12. Be3 Bc5 13. Na4 Qc7
14. Nxc5 Qxc5 15. Bxd4 Qd6 16. Qb5+ Kf8 17. Bc5 Qxc5 18. Qxc5+ Kg8 19. Qc7
Rf8 20. Qxb7 Ne4 21. Nc6 h5 22. Qxa7 Rh6 23. f3 Ng5 24. h4 Nh7 25. Rad1 e5
26. Rxd5 Rxc6 27. Rfd1 Nf6 28. Rd8 Ne8 29. Qa4 Re6 30. c4 f5 31. c5 e4 32.
fxe4 fxe4 33. Qb3 Kf7 34. R8d7+ Kf6 35. Rf1+ Ke5 36. Qd5# { Black
checkmated } 1-0

[Event "ICC tourney 2532 (25 5)"]
[Site "Internet Chess Club"]
[Date "2021.04.24"]
[Round "1"]
[White "WANG, ANDREW:K12-14159754"]
[Black "PEREZ, JAMES:K12-15644490"]
[Result "1-0"]
[ICCResult "Black checkmated"]
[WhiteElo "1840"]
[BlackElo "723"]
[Opening "King's pawn opening"]
[ECO "B07"]
[NIC "VO.17"]
[Time "11:02:06"]
[PlyCount "71"]
[TimeControl "1500+5"]

1. e4 d6 2. d4 g6 3. c3 Bg7 4. f4 Nf6 5. Bd3 O-O 6. Nf3 Bg4 7. h3 Bxf3 8.
Qxf3 Nbd7 9. e5 dxe5 10. fxe5 Ne8 11. Qxb7 Qc8 12. Qc6 f6 13. Bc4+ Kh8 14.
Be6 Nxe5 15. dxe5 Qd8 16. exf6 Rxf6 17. Bg5 Rf8 18. Nd2 Nd6 19. O-O-O h6
20. Be3 Rf6 21. Bd5 Rb8 22. Bd4 Rf5 23. Bxg7+ Kxg7 24. Rhf1 Rb6 25. Qc5 Rb5
26. Qd4+ Rf6 27. Rxf6 exf6 28. Ne4 Nf5 29. Qc4 Rb6 30. Qd3 Rd6 31. Nxd6
Qxd6 32. Be4 Qf4+ 33. Kb1 Ne3 34. Qd7+ Kf8 35. Qd8+ Kg7 36. Rd7# { Black
checkmated } 1-0

[Event "ICC tourney 2532 (25 5)"]
[Site "Internet Chess Club"]
[Date "2021.04.24"]
[Round "1"]
[White "GOPINATH, ABHINAYA:K12-16979217"]
[Black "HELLER, HARRY:K12-15613721"]
[Result "0-1"]
[ICCResult "White checkmated"]
[WhiteElo "670"]
[BlackElo "1820"]
[Opening "Ponziani: Jaenisch counter-attack"]
[ECO "C44"]
[NIC "KP.05"]
[Time "11:01:24"]
[PlyCount "52"]
[TimeControl "1500+5"]

1. e4 e5 2. Nf3 Nc6 3. c3 Nf6 4. Bc4 Be7 5. d4 d6 6. O-O exd4 7. cxd4 d5 8.
exd5 Nxd5 9. Bxd5 Qxd5 10. Nc3 Qh5 11. Ne4 Bg4 12. d5 Bxf3 13. gxf3 Ne5 14.
f4 Ng4 15. h3 Qxh3 16. Re1 Qh2+ 17. Kf1 Qh1+ 18. Ke2 Qxe4+ 19. Be3 O-O-O
20. Rg1 Nh2 21. Rc1 Qf3+ 22. Kd2 Rxd5+ 23. Kc2 Qe4+ 24. Kc3 Bf6+ 25. Kb3
Rb5+ 26. Ka3 Qb4# { White checkmated } 0-1

[Event "ICC tourney 2532 (25 5)"]
[Site "Internet Chess Club"]
[Date "2021.04.24"]
[Round "1"]
[White "AMIT SONEJI, ARIN:K12-16463845"]
[Black "MARTINEZ, JONATHAN:K12-14701133"]
[Result "0-1"]
[ICCResult "White checkmated"]
[WhiteElo "871"]
[BlackElo "1945"]
[Opening "Queen's pawn: London system"]
[ECO "A45"]
[NIC "QP.07"]
[Time "11:02:36"]
[PlyCount "72"]
[TimeControl "1500+5"]

1. d4 Nf6 2. Bf4 c5 3. c3 cxd4 4. cxd4 d5 5. Nf3 Nc6 6. e3 Bf5 7. Nc3 e6 8.
Bd3 Bxd3 9. Qxd3 Bb4 10. a3 Bxc3+ 11. bxc3 Ne4 12. O-O O-O 13. Rab1 Na5 14.
a4 Rc8 15. Rfc1 Rc4 16. Rb4 Qe7 17. Rxc4 Nxc4 18. Ne5 Qa3 19. Qc2 Nxe5 20.
Bxe5 Rc8 21. Rb1 Rxc3 22. Rxb7 Rxc2 23. Rb8+ Qf8 24. Rxf8+ Kxf8 25. h3 Rxf2
26. Kh2 Ra2 27. Bd6+ Nxd6 28. e4 dxe4 29. d5 exd5 30. a5 e3 31. a6 e2 32.
Kg3 e1=Q+ 33. Kg4 Qe4+ 34. Kg5 Rxg2+ 35. Kh5 Qg6+ 36. Kh4 Qg5# { White
checkmated } 0-1

[Event "ICC tourney 2532 (25 5)"]
[Site "Internet Chess Club"]
[Date "2021.04.24"]
[Round "1"]
[White "SU, KENNETH:K12-15191452"]
[Black "VANDERKOLK, ETHAN:K12-15405072"]
[Result "1-0"]
[ICCResult "Black checkmated"]
[WhiteElo "2160"]
[BlackElo "1088"]
[Opening "Caro-Kann: two knights variation"]
[ECO "B10"]
[NIC "CK.01"]
[Time "11:01:23"]
[PlyCount "69"]
[TimeControl "1500+5"]

1. e4 c6 2. Nf3 d5 3. Nc3 dxe4 4. Nxe4 Bf5 5. Ng3 Bg6 6. h4 h6 7. Ne5 Bh7
8. Bc4 e6 9. Qe2 Qc7 10. d4 Bd6 11. Bf4 Bxe5 12. Bxe5 Qa5+ 13. c3 Nf6 14.
Bxf6 gxf6 15. O-O O-O 16. Nh5 Qd8 17. Qg4+ Bg6 18. Bxe6 Kh7 19. Nf4 Rg8 20.
Nxg6 Rxg6 21. Bf5 Qc7 22. h5 Na6 23. hxg6+ Kg7 24. gxf7+ Kxf7 25. Qg6+ Kf8
26. Qxf6+ Qf7 27. Qxh6+ Qg7 28. Qxg7+ Kxg7 29. Rfe1 Kf6 30. Re6+ Kxf5 31.
Rae1 Nc7 32. R1e5+ Kg4 33. f3+ Kg3 34. Rg6+ Kf4 35. Rg4# { Black checkmated
} 1-0

[Event "ICC tourney 2532 (25 5)"]
[Site "Internet Chess Club"]
[Date "2021.04.24"]
[Round "1"]
[White "SAUDEK, BEN:K12-17211458"]
[Black "M LANCMAN, KALEB:K12-15146036"]
[Result "0-1"]
[ICCResult "White checkmated"]
[WhiteElo "711"]
[BlackElo "1839"]
[Opening "Caro-Kann: advance variation"]
[ECO "B12"]
[NIC "CK.04"]
[Time "11:02:12"]
[PlyCount "102"]
[TimeControl "1500+5"]

1. e4 c6 2. d4 d5 3. e5 Bf5 4. f4 e6 5. Nf3 Nd7 6. Bd3 Ne7 7. Nbd2 c5 8.
Nb3 c4 9. Bxf5 Nxf5 10. Nbd2 Ne3 11. Qe2 Nxc2+ 12. Kf2 Nxa1 13. Nf1 Qa5 14.
Ne3 Qxa2 15. Bd2 Nb3 16. Bc1 c3 17. Rd1 Nxc1 18. Rxc1 cxb2 19. Rc2 Ba3 20.
Nd1 O-O 21. Nxb2 Bxb2 22. Rxb2 Qa6 23. Qc2 Rfc8 24. Qb3 Rc6 25. Qxb7 Qxb7
26. Rxb7 Nb6 27. g4 a5 28. Nd2 a4 29. Ke3 Nc4+ 30. Nxc4 Rxc4 31. Kd3 g6 32.
Rb1 a3 33. Ra1 a2 34. Kd2 Rb4 35. Kc2 Rb1 36. Rxb1 axb1=Q+ 37. Kxb1 Ra4 38.
Kc2 Rxd4 39. Kc3 Rxf4 40. Kd3 Rxg4 41. Ke3 Rh4 42. Kf2 Rxh2+ 43. Kf3 Rh5
44. Kg3 Rxe5 45. Kg4 Rf5 46. Kg3 d4 47. Kg2 d3 48. Kg3 d2 49. Kg4 d1=Q+ 50.
Kg3 Qg1+ 51. Kh3 Rh5# { White checkmated } 0-1

[Event "ICC tourney 2532 (25 5)"]
[Site "Internet Chess Club"]
[Date "2021.04.24"]
[Round "1"]
[White "TRSTENJACK, NOAH:K12-16996473"]
[Black "WERNER CHASIN, NICO:K12-14955471"]
[Result "0-1"]
[ICCResult "White resigns"]
[WhiteElo "1241"]
[BlackElo "2392"]
[Opening "Caro-Kann defense"]
[ECO "B12"]
[NIC "CK.01"]
[Time "11:16:46"]
[PlyCount "36"]
[TimeControl "1500+5"]

1. e4 c6 2. d4 Na6 3. Nf3 Nc7 4. c4 d5 5. e5 Bg4 6. c5 e6 7. h3 Bh5 8. Be2
b6 9. b4 Qb8 10. Nc3 a5 11. Qa4 b5 12. Qb3 axb4 13. Qxb4 Bxf3 14. Bxf3 Na6
15. Qb3 Bxc5 16. dxc5 Qxe5+ 17. Be3 b4 18. Na4 Qxa1+ { White resigns } 0-1

[Event "ICC tourney 2532 (25 5)"]
[Site "Internet Chess Club"]
[Date "2021.04.24"]
[Round "1"]
[White "R SOMASUNDARAM, ARUN:K12-16330722"]
[Black "RAPARTHI, ANKIT:K12-14686010"]
[Result "0-1"]
[ICCResult "White checkmated"]
[WhiteElo "1002"]
[BlackElo "2033"]
[Opening "Queen's pawn"]
[ECO "A40"]
[NIC "QO.17"]
[Time "11:02:32"]
[PlyCount "112"]
[TimeControl "1500+5"]

1. d4 e6 2. Bf4 d5 3. Nf3 Nf6 4. e3 Bd6 5. Bg3 O-O 6. c3 c5 7. Be2 b6 8.
Nbd2 Qc7 9. O-O Bxg3 10. fxg3 Ng4 11. Qa4 Nxe3 12. Rf2 c4 13. Rc1 Bd7 14.
Qa3 Nc6 15. b3 b5 16. Qb2 Qb6 17. bxc4 bxc4 18. Qxb6 axb6 19. Ne5 Nxe5 20.
dxe5 Rxa2 21. Nf3 Ng4 22. Kf1 Nxf2 23. Kxf2 f6 24. Ke3 Rfa8 25. exf6 gxf6
26. Nh4 b5 27. Rf1 Kg7 28. g4 R8a3 29. Bd1 e5 30. g5 d4+ 31. Ke4 fxg5 32.
Nf5+ Bxf5+ 33. Rxf5 dxc3 34. Rxg5+ Kf6 35. Rf5+ Ke6 36. Rxe5+ Kd6 37. Rd5+
Kc6 38. Rh5 c2 39. Rh6+ Kc5 40. Rh5+ Kb4 41. Bxc2 Rxc2 42. g4 Re2+ 43. Kf5
Rf3+ 44. Kg5 Re5+ 45. Kh4 Rxh5+ 46. Kxh5 c3 47. Kh6 c2 48. Kxh7 c1=Q 49. g5
Qc7+ 50. Kh6 Rh3+ 51. Kg6 Qh7+ 52. Kf6 Rf3+ 53. Ke6 Qf7+ 54. Kd6 Rd3+ 55.
Kc6 Qd7+ 56. Kb6 Rd6# { White checkmated } 0-1

[Event "ICC tourney 2532 (25 5)"]
[Site "Internet Chess Club"]
[Date "2021.04.24"]
[Round "1"]
[White "IYER, PRANAV:K12-15164384"]
[Black "JOSHI, RAJAS:K12-16991627"]
[Result "1/2-1/2"]
[ICCResult "Game drawn by repetition"]
[WhiteElo "1859"]
[BlackElo "749"]
[Opening "English: Bremen system, Keres variation"]
[ECO "A23"]
[NIC "EO.12"]
[Time "11:02:37"]
[PlyCount "95"]
[TimeControl "1500+5"]

1. c4 e5 2. Nc3 Nf6 3. g3 c6 4. Bg2 d5 5. cxd5 cxd5 6. d4 Nc6 7. dxe5 Nxe5
8. Nxd5 Nxd5 9. Qxd5 Qxd5 10. Bxd5 Bb4+ 11. Kf1 O-O 12. a3 Rd8 13. Bb3 Bd2
14. Kg2 Bg4 15. h3 Bf5 16. Nf3 Be4 17. Rd1 Bxc1 18. Raxc1 Bc6 19. Rc5 Rxd1
20. Bxd1 Nxf3 21. exf3 Rc8 22. Rc3 Re8 23. Re3 f5 24. Rxe8+ Bxe8 25. f4 Bf7
26. Kf3 Bd5+ 27. Ke3 Kf7 28. Kd4 Ke6 29. Be2 Kd6 30. Bd3 g6 31. Bc4 Bxc4
32. Kxc4 Kc6 33. f3 b6 34. g4 b5+ 35. Kd4 Kd6 36. h4 h5 37. gxf5 gxf5 38.
b3 a5 39. Kc3 Kd5 40. Kd3 b4 41. a4 Kc5 42. Ke3 Kd5 43. Ke2 Kd6 44. Kd2 Kc6
45. Kc2 Kd5 46. Kd3 Kc5 47. Ke3 Kd5 48. Kd3 { Game drawn by repetition }
1/2-1/2

[Event "ICC tourney 2532 (25 5)"]
[Site "Internet Chess Club"]
[Date "2021.04.24"]
[Round "1"]
[White "ROGERS, CAM:K12-16639568"]
[Black "STIG MELLODY, MARCUS:K12-14740377"]
[Result "0-1"]
[ICCResult "White checkmated"]
[WhiteElo "463"]
[BlackElo "1713"]
[Opening "Polish (Sokolsky) opening"]
[ECO "A00"]
[NIC "VO.10"]
[Time "11:02:18"]
[PlyCount "76"]
[TimeControl "1500+5"]

1. b4 Nf6 2. Bb2 g6 3. e4 Bg7 4. Bc4 O-O 5. Nh3 Nxe4 6. Bxg7 Kxg7 7. f3 Nf6
8. Nc3 d5 9. Bb3 Nc6 10. a3 Nd4 11. d3 Nf5 12. O-O Ne3 13. Qe2 Nxf1 14.
Rxf1 c6 15. Nf4 Re8 16. b5 e5 17. Nh3 Bxh3 18. gxh3 Qd7 19. a4 Qxh3 20. Re1
Nh5 21. bxc6 bxc6 22. Nxd5 cxd5 23. Bxd5 Nf4 24. Qf1 Qxf1+ 25. Kxf1 Nxd5
26. c4 Nf4 27. c5 Nxd3 28. Re3 Nxc5 29. a5 e4 30. Rc3 Rac8 31. Kf2 Nd3+ 32.
Ke3 Rxc3 33. fxe4 Nc5+ 34. Kd4 Rc2 35. e5 Rd8+ 36. Ke3 Rd3+ 37. Kf4 Rc4+
38. Kg5 h6# { White checkmated } 0-1

[Event "ICC tourney 2532 (25 5)"]
[Site "Internet Chess Club"]
[Date "2021.04.24"]
[Round "1"]
[White "AUGUSTO BALDERAS, ADOLFO:K12-14480460"]
[Black "MATTHEW PUDOL CALAUNAN, ANGELO:K12-17270737"]
[Result "1-0"]
[ICCResult "Black resigns"]
[WhiteElo "1962"]
[BlackElo "879"]
[Opening "Ruy Lopez: Berlin defense"]
[ECO "C65"]
[NIC "RL.07"]
[Time "11:02:19"]
[PlyCount "49"]
[TimeControl "1500+5"]

1. e4 e5 2. Nf3 Nc6 3. Bb5 Nf6 4. d3 Bc5 5. O-O a6 6. Ba4 O-O 7. c3 Re8 8.
Re1 b5 9. Bb3 d6 10. Nbd2 Ng4 11. Rf1 Na5 12. Bc2 f5 13. b4 Bxf2+ 14. Rxf2
Nxf2 15. Kxf2 Nc6 16. Bb3+ Kf8 17. Bd5 Bd7 18. exf5 Qf6 19. Ne4 Qxf5 20.
Ng3 Qg6 21. h4 Rad8 22. Bg5 h6 23. h5 Qh7 24. Nh4 hxg5 25. Ng6+ { Black
resigns } 1-0

[Event "ICC tourney 2532 (25 5)"]
[Site "Internet Chess Club"]
[Date "2021.04.24"]
[Round "1"]
[White "GARZA, AARON:K12-15086083"]
[Black "DOMMALAPATI, AASA:K12-13778456"]
[Result "0-1"]
[ICCResult "White resigns"]
[WhiteElo "970"]
[BlackElo "1997"]
[Opening "Sicilian defense"]
[ECO "B30"]
[NIC "SI.31"]
[Time "11:08:30"]
[PlyCount "88"]
[TimeControl "1500+5"]

1. e4 c5 2. Nf3 Nc6 3. g3 g6 4. Bg2 Bg7 5. c3 e5 6. O-O Nge7 7. Na3 O-O 8.
Nc4 d5 9. exd5 Nxd5 10. b4 cxb4 11. cxb4 e4 12. Nh4 Bxa1 13. Bxe4 Bf6 14.
Ba3 Bxh4 15. gxh4 b5 16. Ne3 Nxe3 17. dxe3 Bb7 18. Qf3 Ne5 19. Qg2 Bxe4 20.
Qxe4 Qd3 21. Qxe5 Qxa3 22. h5 Qxb4 23. Kh1 Rae8 24. Qa1 Qe4+ 25. f3 Qe5 26.
Qxe5 Rxe5 27. hxg6 hxg6 28. e4 Rc8 29. Kg2 Rc2+ 30. Kg3 Rxa2 31. Kf4 f6 32.
h4 Rh2 33. Kg3 Rb2 34. Rg1 b4 35. Kf4 Kf7 36. Ke3 b3 37. Kd4 Rc2 38. f4 Re8
39. f5 gxf5 40. exf5 b2 41. h5 Rh8 42. Rb1 Rxh5 43. Kd3 Rhh2 44. Ke4 Rc1 {
White resigns } 0-1

[Event "ICC tourney 2532 (25 5)"]
[Site "Internet Chess Club"]
[Date "2021.04.24"]
[Round "1"]
[White "TEITELMAN, AIDEN:K12-15429990"]
[Black "BALAJI, SOORYA:K12-16773233"]
[Result "1-0"]
[ICCResult "Black checkmated"]
[WhiteElo "1710"]
[BlackElo "463"]
[Opening "Old Indian: Ukrainian variation"]
[ECO "A53"]
[NIC "OI.04"]
[Time "11:01:46"]
[PlyCount "43"]
[TimeControl "1500+5"]

1. d4 Nf6 2. c4 d6 3. Nc3 e5 4. d5 Bf5 5. Bg5 g6 6. e4 Bd7 7. f3 c6 8. Bd3
cxd5 9. cxd5 Na6 10. Rc1 Bg7 11. Nge2 Qa5 12. Qd2 Qb6 13. Be3 Qc7 14. Bxa6
bxa6 15. Nb5 Qb7 16. Nxd6+ Ke7 17. Nxb7 Rhb8 18. Bc5+ Ke8 19. Nd6+ Kd8 20.
Qa5+ Ke7 21. Nf5+ Ke8 22. Nxg7# { Black checkmated } 1-0

[Event "ICC tourney 2532 (25 5)"]
[Site "Internet Chess Club"]
[Date "2021.04.24"]
[Round "1"]
[White "WOLF MILSTEIN, DAVID:K12-15780704"]
[Black "GUO, ARTHUR:K12-14772092"]
[Result "0-1"]
[ICCResult "White checkmated"]
[WhiteElo "1253"]
[BlackElo "2447"]
[Opening "Queen's pawn: London system"]
[ECO "A45"]
[NIC "QP.05"]
[Time "11:01:12"]
[PlyCount "42"]
[TimeControl "1500+5"]

1. d4 Nf6 2. Bf4 e6 3. Nf3 d5 4. e3 c5 5. c4 Nc6 6. Nc3 cxd4 7. Nxd4 Bb4 8.
Nb5 O-O 9. a3 Bxc3+ 10. Nxc3 h6 11. b4 e5 12. cxd5 exf4 13. dxc6 Qc7 14.
Qf3 fxe3 15. fxe3 Bg4 16. Nd5 Nxd5 17. Qxg4 Nxe3 18. Qd7 Nc2+ 19. Kf2 Qf4+
20. Ke2 Rad8 21. Rd1 Qe3# { White checkmated } 0-1

[Event "ICC tourney 2532 (25 5)"]
[Site "Internet Chess Club"]
[Date "2021.04.24"]
[Round "1"]
[White "GALVEZ, ELIAN:K12-16711723"]
[Black "CHUNG, CHRISTOPHER:K12-16687538"]
[Result "0-1"]
[ICCResult "White checkmated"]
[WhiteElo "481"]
[BlackElo "1732"]
[Opening "Giuoco Piano: four knights variation"]
[ECO "C47"]
[NIC "KP.06"]
[Time "11:02:25"]
[PlyCount "62"]
[TimeControl "1500+5"]

1. e4 e5 2. Nf3 Nc6 3. Nc3 Nf6 4. Bc4 Bc5 5. h3 d6 6. d3 O-O 7. Bg5 h6 8.
Bxf6 Qxf6 9. Qd2 a6 10. O-O-O Bd7 11. Na4 Bb4 12. c3 Ba5 13. b4 Bxb4 14.
cxb4 b5 15. Bd5 bxa4 16. a3 Rab8 17. Qc3 Rb6 18. Qd2 Be6 19. Bc4 Bxc4 20.
dxc4 Rfb8 21. Kc2 Qe6 22. Qc3 Qg6 23. Nd2 Nd4+ 24. Kb2 a5 25. c5 axb4 26.
axb4 Rxb4+ 27. Ka1 Qe6 28. Rb1 Nb3+ 29. Nxb3 Rxb3 30. Qc2 Ra3+ 31. Qa2
Rxa2# { White checkmated } 0-1

[Event "ICC tourney 2532 (25 5)"]
[Site "Internet Chess Club"]
[Date "2021.04.24"]
[Round "1"]
[White "GARRETSON, CYRUS:K12-17195044"]
[Black "HOWARD MCNUTT, WILLIAM:K12-14715106"]
[Result "0-1"]
[ICCResult "White checkmated"]
[WhiteElo "854"]
[BlackElo "1941"]
[Opening "Caro-Kann defense"]
[ECO "B10"]
[NIC "CK.01"]
[Time "11:01:12"]
[PlyCount "48"]
[TimeControl "1500+5"]

1. e4 c6 2. Nf3 d5 3. exd5 cxd5 4. d4 Nc6 5. c4 Nf6 6. Nc3 e6 7. cxd5 exd5
8. Bd3 Bd6 9. O-O O-O 10. a3 h6 11. h3 Be6 12. Re1 a6 13. h4 Re8 14. Ne5
Nxd4 15. Bh7+ Kxh7 16. Qxd4 Qc7 17. g3 Rad8 18. Bf4 Nh5 19. Bd2 Nxg3 20.
fxg3 Bc5 21. Be3 Bxd4 22. Bxd4 f6 23. Nf3 Qxg3+ 24. Kf1 Bh3# { White
checkmated } 0-1

[Event "ICC tourney 2532 (25 5)"]
[Site "Internet Chess Club"]
[Date "2021.04.24"]
[Round "1"]
[White "PULLABHOTLA, VENKATA:K12-15472194"]
[Black "BABLANI, ARNAV:K12-16018565"]
[Result "1-0"]
[ICCResult "Black checkmated"]
[WhiteElo "2153"]
[BlackElo "1078"]
[Opening "Giuoco Piano"]
[ECO "C54"]
[NIC "IG.02"]
[Time "11:01:43"]
[PlyCount "49"]
[TimeControl "1500+5"]

1. e4 e5 2. Nf3 Nc6 3. Bc4 Bc5 4. c3 Nf6 5. d4 exd4 6. e5 Ng4 7. cxd4 Bb4+
8. Nbd2 d5 9. Bb5 O-O 10. O-O Nh6 11. Qa4 Bxd2 12. Bxd2 Ne7 13. Bxh6 gxh6
14. Bd3 Kh8 15. Qc2 f6 16. Rac1 fxe5 17. Nxe5 c6 18. Bxh7 Bf5 19. Bxf5 Rxf5
20. Ng6+ Nxg6 21. Qxf5 Qg8 22. Rce1 Nh4 23. Qf6+ Kh7 24. Re7+ Qg7 25. Qxg7#
{ Black checkmated } 1-0

[Event "ICC tourney 2532 (25 5)"]
[Site "Internet Chess Club"]
[Date "2021.04.24"]
[Round "1"]
[White "D DE LEON, CARLOS:K12-14987180"]
[Black "SOLLINGER, SAMUEL:K12-16921437"]
[Result "1-0"]
[ICCResult "Black checkmated"]
[WhiteElo "1995"]
[BlackElo "943"]
[Opening "Bishop's opening: Classical variation"]
[ECO "C23"]
[NIC "IG.04"]
[Time "11:02:18"]
[PlyCount "45"]
[TimeControl "1500+5"]

1. e4 e5 2. Bc4 Bc5 3. Nc3 Nf6 4. d3 d6 5. Na4 Bb6 6. Nxb6 axb6 7. c3 c5 8.
f4 d5 9. Bb5+ Nc6 10. fxe5 Nd7 11. exd5 Ncxe5 12. Nf3 Nxf3+ 13. Qxf3 Qe7+
14. Be3 Ra5 15. a4 O-O 16. O-O Ne5 17. Qg3 Ng4 18. Bf4 Bd7 19. Rae1 Qf6 20.
Bxd7 Nh6 21. Bd6 Qd8 22. Bxf8 Qxd7 23. Qxg7# { Black checkmated } 1-0

[Event "ICC tourney 2532 (25 5)"]
[Site "Internet Chess Club"]
[Date "2021.04.24"]
[Round "1"]
[White "LJ CHEN, BENJAMIN:K12-14811886"]
[Black "LAD, DALTON:K12-16754385"]
[Result "1-0"]
[ICCResult "Black resigns"]
[WhiteElo "2192"]
[BlackElo "1137"]
[Opening "Queen's gambit declined"]
[ECO "D30"]
[NIC "QP.08"]
[Time "11:01:32"]
[PlyCount "87"]
[TimeControl "1500+5"]

1. d4 d5 2. c4 e6 3. Nf3 Nf6 4. g3 Nc6 5. Bg2 dxc4 6. Qa4 Bb4+ 7. Bd2 Bxd2+
8. Nbxd2 O-O 9. Qxc4 Nd5 10. O-O Nb6 11. Qd3 Qf6 12. Ne4 Qe7 13. Rac1 Rd8
14. Rfd1 e5 15. Rxc6 bxc6 16. Nxe5 Rd6 17. Nxd6 cxd6 18. Nxc6 Qf6 19. Qe3
Be6 20. d5 Nc4 21. Qb3 Nxb2 22. dxe6 Nxd1 23. exf7+ Kh8 24. Qxd1 Rf8 25.
Bd5 g6 26. e4 Kg7 27. h4 Rc8 28. Kg2 Qc3 29. Qd4+ Qxd4 30. Nxd4 Rc1 31. Nb5
Re1 32. Nxa7 Rb1 33. Nc8 Rb8 34. Nxd6 Rd8 35. e5 Kf8 36. f4 Rb8 37. Bb7 Rd8
38. Bc8 Ke7 39. a4 Rxc8 40. Nxc8+ Kxf7 41. a5 Ke8 42. a6 Kd7 43. Nd6 Kc7
44. a7 { Black resigns } 1-0

[Event "ICC tourney 2532 (25 5)"]
[Site "Internet Chess Club"]
[Date "2021.04.24"]
[Round "1"]
[White "PRABHU, NAVEEN:K12-14949284"]
[Black "EHRENBERG, JOSHUA:K12-16538457"]
[Result "1-0"]
[ICCResult "Black checkmated"]
[WhiteElo "2037"]
[BlackElo "1004"]
[Opening "Giuoco Piano"]
[ECO "C53"]
[NIC "IG.02"]
[Time "11:01:43"]
[PlyCount "77"]
[TimeControl "1500+5"]

1. e4 e5 2. Nf3 Nc6 3. Bc4 Bc5 4. c3 a5 5. d4 exd4 6. cxd4 Bb4+ 7. Bd2
Bxd2+ 8. Qxd2 Nf6 9. Nc3 O-O 10. O-O Nxe4 11. Nxe4 d5 12. Bd3 dxe4 13. Bxe4
Bg4 14. Bxc6 bxc6 15. Ne5 Bd7 16. Qc3 h6 17. Rfd1 Qe8 18. Rac1 Ra6 19. b3
f6 20. Nxd7 Qxd7 21. Qc4+ Kh8 22. Qxa6 Rd8 23. h3 c5 24. dxc5 Qxd1+ 25.
Rxd1 Rxd1+ 26. Kh2 Rd2 27. Qxa5 Rxf2 28. Qxc7 Rxa2 29. Qd8+ Kh7 30. c6 Rb2
31. Qd3+ Kh8 32. c7 Kg8 33. c8=Q+ Kf7 34. Qcd7+ Kf8 35. Qd8+ Kf7 36. Q3d5+
Kg6 37. Qe8+ Kh7 38. Qf5+ g6 39. Qfd7# { Black checkmated } 1-0